 Dungeon Sprint DCSS version 0.25-a0-413-g3b4b6a4ccc (webtiles) character file.

Game seed: 12227902096558405532, levelgen mode: deterministic

432 wilfster70 the Cleaver (level 6, -7/63 HPs)
             Began as a Minotaur Fighter on Jan 15, 2020.
             Was an Initiate of Okawaru.
             Mangled by Sonja
             ... wielding a +0 dagger of distortion
              (19 damage)
             ... in the Dungeon (Sprint I: "Red Sonja").
             The game lasted 00:01:53 (543 turns).

wilfster70 the Cleaver (Minotaur Fighter)            Turns: 543, Time: 00:01:54

Health: -7/63      AC: 10    Str: 22    XL:     6   Next: 67%
Magic:  5/5        EV:  8    Int:  5    God:    Okawaru [......]
Gold:   66         SH: 11    Dex: 10    Spells: 5/5 levels left

rFire    + . .     SeeInvis .   a - +0 war axe
rCold    . . .     Gourm    .   c - +0 shield
rNeg     . . .     Faith    .   n - +2 scale mail {rF+}
rPois    .         Spirit   .   (helmet restricted)
rElec    .         Reflect  .   (no cloak)
rCorr    .         Harm     .   (no gloves)
MR       .....     NoTele   +   (no boots)
Stlth    ..........             (no amulet)
HPRegen  0.20/turn              (no ring)
MPRegen  0.09/turn              (no ring)

@: no status effects
A: retaliatory headbutt, horns 2
a: Renounce Religion


You were in the Dungeon.
You worshipped Okawaru.
Okawaru was noncommittal.
You were not hungry.

You visited 1 branch You collected 297 gold pieces.
You spent 231 gold pieces at shops.

Inventory:

Hand Weapons
 a - a +0 war axe (weapon)
Armour
 c - a +0 shield (worn)
 n - a +2 scale mail of fire resistance (worn)
Wands
 l - a wand of random effects (22)
Scrolls
 k - a scroll of blinking
Potions
 d - a potion of might
 e - a potion of curing
 g - a potion of heal wounds
 h - a potion of haste
 i - 2 potions of magic
 j - a potion of berserk rage
Comestibles
 b - 6 chunks of flesh
 f - 2 rations


   Skills:
 + Level 9.2 Fighting
 * Level 9.6 Axes
 + Level 9.1 Armour
 + Level 9.1 Shields
 + Level 0.0 Spellcasting
 + Level 0.0 Invocations


You had 5 spell levels left.
You didn't know any spells.
Your spell library was empty.

Dungeon Overview and Level Annotations

Branches:
Dungeon (1/1)

Altars:
Cheibriados
Dithmenos
Elyvilon
Fedhas
Gozag
Hepliaklqana
Kikubaaqudgha
Nemelex Xobeh
Okawaru
Qazlal
Ru
Sif Muna
Trog
Uskayaw
Vehumet
Wu Jian
Yredelemnul
Zin
The Shining One

Shops:
D [

Annotations:
D Sonja


Innate Abilities, Weirdness & Mutations

You reflexively headbutt those who attack you in melee.
You have a pair of horns on your head.


Message History

You miss Sonja.
Sonja is severely wounded.
Sonja hits you but does no damage. Space bends around you.
You block Sonja's attack.
Sonja hits you with a +0 dagger of distortion.
Space bends around you.
* * * LOW HITPOINT WARNING * * *
Sonja hits you but does no damage. Space bends around you.
* * * LOW HITPOINT WARNING * * *
Sonja hits you but does no damage.
You feel a strange sense of stasis. You block Sonja's attack.
You hit Sonja.
Sonja is almost dead.
Sonja hits you but does no damage.
You feel a strange sense of stasis. Sonja hits you but does no damage.
Space bends around you.
* * * LOW HITPOINT WARNING * * *
Sonja hits you with a +0 dagger of distortion.
* * * LOW HITPOINT WARNING * * *
Space warps horribly around you!!
You die...

#<.#..').#..'..#
#..'[.#..').#..+
#..#####'#####'#
#..####..#(..#(#
#..#__####..##.#
#..#_____##'#_.+
#⌠⌠#_.∩...÷..._#
####_..__##_.#'#
#_____###@#(#
####### #K###
$.$ #$.$# ##.##
#+#


You could see Sonja.

Vanquished Creatures
  A yak (D)
  Sigmund (D)
  An ogre (D)
  A jelly (D)
  Ijyb (D)
5 creatures vanquished.

Vanquished Creatures (others)
  A gargoyle (D)
1 creature vanquished.

Grand Total: 6 creatures vanquished

Notes
Turn   | Place    | Note
-------+----------+-------------------------------------------
     0 | D        | wilfster70 the Minotaur Fighter began the quest for the
                  | Orb.
     0 | D        | Reached XP level 1. HP: 19/19 MP: 0/0
     1 | D        | Noticed Ijyb
     7 | D        | Killed Ijyb
     7 | D        | Reached skill level 5 in Fighting
     7 | D        | Reached skill level 5 in Armour
     7 | D        | Reached skill level 5 in Shields
     7 | D        | Reached XP level 2. HP: 28/29 MP: 1/1
    23 | D        | Noticed an ogre
    29 | D        | Killed an ogre
    29 | D        | Reached skill level 5 in Axes
    29 | D        | Reached XP level 3. HP: 10/38 MP: 2/2
    29 | D        | Reached XP level 4. HP: 13/45 MP: 3/3
   255 | D        | Noticed Sigmund
   265 | D        | Killed Sigmund
   265 | D        | Reached XP level 5. HP: 39/53 MP: 4/4
   307 | D        | Killed a gargoyle
   355 | D        | Found an ornate altar of the Wu Jian Council.
   355 | D        | Found a shimmering blue altar of Sif Muna.
   357 | D        | Found a radiant altar of Vehumet.
   364 | D        | Reached XP level 6. HP: 34/62 MP: 5/5
   501 | D        | Found Wuxte's Armour Emporium.
   501 | D        | Found an ancient bone altar of Kikubaaqudgha.
   501 | D        | Found a hazy altar of Hepliaklqana.
   501 | D        | Found a stormy altar of Qazlal.
   501 | D        | Found a hide-covered altar of Uskayaw.
   501 | D        | Found a blossoming altar of Fedhas.
   501 | D        | Found a bloodstained altar of Trog.
   501 | D        | Found an iron altar of Okawaru.
   501 | D        | Found a basalt altar of Yredelemnul.
   501 | D        | Found a glowing golden altar of the Shining One.
   501 | D        | Found a snail-covered altar of Cheibriados.
   501 | D        | Found a sacrificial altar of Ru.
   501 | D        | Found a glowing silver altar of Zin.
   501 | D        | Found a shadowy altar of Dithmenos.
   501 | D        | Found a white marble altar of Elyvilon.
   501 | D        | Noticed a yak
   508 | D        | Killed a yak
   509 | D        | Found an opulent altar of Gozag.
   512 | D        | Found a sparkling altar of Nemelex Xobeh.
   516 | D        | Bought a +2 scale mail of fire resistance for 231 gold
                  | pieces
   528 | D        | Became a worshipper of Warmaster Okawaru
   536 | D        | Noticed Sonja
   543 | D        | Mangled by Sonja

Levels and vault maps discovered:
D:        dungeon_sprint_1 [red_sonja_temple_1, red_sonja_temple_small_1]

Skill      XL: |  1  2  3  4  5  6 |
---------------+-------------------+-----
Fighting       | 5 6 8 9 |  9.2
Axes           | 4 5 7 8 9 |  9.6
Armour         | 5 6 8 9 |  9.1
Shields        | 5 6 8 9 |  9.1

Action                   |  1- 3 |  4- 6 || total
-------------------------+-------+-------++-------
Melee: War axe           |    10 |    26 ||    36
       Headbutt          |     3 |     3 ||     6
Armor: Scale mail        |     3 |    10 ||    13
       Chain mail        |       |     7 ||     7
Dodge: Dodged            |     4 |     6 ||    10
Block: Shield            |     2 |    12 ||    14

Table legend:
 A = Non-vault XP
 B = Vault XP
 C = Vault XP percentage of total XP
 D = Non-vault monster count
 E = Vault monster count
 F = Vault count percentage of total count
                 A         B        C        D         E       F
            +---------+---------+-------+---------+---------+-------
      Total |       0 |     618 | 100.0 |       0 |       5 | 100.0
            +---------+---------+-------+---------+---------+-------
          D |       0 |     618 | 100.0 |       0 |       5 | 100.0
            +---------+---------+-------+---------+---------+-------
